 Dungeon Crawl Stone Soup version 0.31-a0-1576-ga3383bade6 (webtiles) character file.

Game seed: 15736513103298644535

4 18skeltor the Grave Robber (level 1, 0/13 HPs)
             Began as a Mummy Necromancer on Jan 4, 2024.
             Slain by a hobgoblin (5 damage)
             ... on level 1 of the Dungeon.
             The game lasted 00:07:14 (330 turns).

18skeltor the Grave Robber (Mummy Necromancer)       Turns: 330, Time: 00:07:15

Health: 0/13       AC:  2    Str: 11    XL:     1   Next: 58%
Magic:  1/4        EV: 12    Int: 14    God:
Gold:   15         SH:  0    Dex: 12    Spells: 4/5 levels left

rFire   x . .        (no weapon)
rCold   + . .        (no shield)
rNeg    + + +        a - +0 robe
rPois   ∞            (no helmet)
rElec   .            (no cloak)
rCorr   .            (no gloves)
SInv    .            (no boots)
Will    .....        (no amulet)
Stlth   ++           (no ring)
HPRegen 0.22/turn    (no ring)
MPRegen 0.09/turn

%: faith
@: no status effects
A: cold resistance 1, negative energy resistance 3, torment resistance 2, heat
vulnerability 1, in touch with death 1, no potions, faith
a: no special abilities


You were on level 1 of the Dungeon.
You visited 1 branch of the dungeon, and saw 1 of its levels.

You collected 15 gold pieces.

Inventory:

Armour
 a - a +0 robe (worn)


   Skills:
 + Level 1.6 Dodging
 + Level 1.5 Stealth
 + Level 2.7 Spellcasting
 + Level 4.2 Necromancy


You had 4 spell levels left.
You knew the following spells:

 Your Spells              Type           Power      Damage    Failure   Level
a - Necrotise             Necr           80%        1d8       4%          1

Your spell library contained the following spells:

 Spells                   Type           Power      Damage    Failure   Level
 Vampiric Draining        Necr           20%        2d7       12%         3
 Animate Dead             Necr           20%        N/A       36%         4
 Curse of Agony           Necr           20%        N/A       73%         5


Dungeon Overview and Level Annotations

Branches:
Dungeon (1/15)

Altars:


Innate Abilities, Weirdness & Mutations

You are immune to poison.
Your flesh is cold resistant. (rC+)
You are immune to negative energy. (rN+++)
You are immune to unholy pain and torment.
You are vulnerable to heat. (rF-)
You are in touch with the powers of death.
You do not drink.
You have a special connection with the divine. (Faith)


Message History

The bat is severely wounded.
The bat hits you but does no damage.
You barely miss the bat.
The bat is severely wounded.
The bat hits you but does no damage. The rat closely misses you.
The bat misses you. x2; The rat attacks as it pursues you!
The rat barely misses you.
Casting: Necrotise (safe; 4% risk of failure)
Confirm with . or Enter, or press ? or * to list all spells.
Aiming: Necrotise (safe; 4% risk of failure)
Press: ? - help, Shift-Dir - straight line, f - bat
Aim: a bat (severely wounded, chance to affect: 89%)
You feel a surge of power!
The bat writhes in agony.
You kill the bat!
The dead are flying!
The hobgoblin hits you. The rat barely misses you.
Your bat skeleton barely misses the hobgoblin.
Your bat skeleton hits the hobgoblin but does no damage.
The hobgoblin barely misses you.
Your bat skeleton hits the hobgoblin but does no damage.
Your bat skeleton barely misses the hobgoblin. x2
The hobgoblin closely misses your bat skeleton.
Casting: Necrotise (safe; 4% risk of failure)
Confirm with . or Enter, or press ? or * to list all spells.
Aiming: Necrotise (safe; 4% risk of failure)
Press: ? - help, Shift-Dir - straight line, f - hobgoblin
Aim: a hobgoblin (chance to affect: 89%)
You feel a surge of power!
The hobgoblin writhes in agony.
Your bat skeleton hits the hobgoblin.
Your bat skeleton closely misses the hobgoblin.
The hobgoblin hits you.
Your bat skeleton hits the hobgoblin but does no damage.
The hobgoblin hits your bat skeleton.
Your bat skeleton misses the hobgoblin.
Your bat skeleton hits the hobgoblin but does no damage.
Something barely misses your bat skeleton.
The rat closely misses your bat skeleton.
Your bat skeleton misses the hobgoblin.
The hobgoblin hits your bat skeleton.
Your bat skeleton is destroyed!
The hobgoblin hits you.
You die...

.....# ..... #
#...####### #. #......
..# #. ######....####.#
#. ###..............# #
#.
#..............#.#.###.
#....g.........#.....
####@#.g..###........
#.#g........######
#.#....###..##....
#.#....# #..##..#.
#.#....# #........
#.........#.##.†..
.###.####.#....... #.
#.# #g#....... #.
..#.##..##


You could see a hobgoblin.

Vanquished Creatures
  A dart slug (D:1)
  A hobgoblin (D:1)
  A bat (D:1)
3 creatures vanquished.

Notes
Turn   | Place    | Note
-------+----------+-------------------------------------------
     0 | D:1      | 18skeltor the Mummy Necromancer began the quest for the
                  | Orb.
     0 | D:1      | Reached XP level 1. HP: 13/13 MP: 4/4
   330 | D:1      | Slain by a hobgoblin

Illustrated notes

Levels and vault maps discovered:
D:1:      amcnicky_arrival_wind_blow, layout_loops_cross, minmay_tetromino_i2

Action                     || total
---------------------------++-------
  Melee: Unarmed           ||    11
   Cast: Necrotise         ||     6
 Armour: Robe              ||    10
  Dodge: Dodged            ||    14

Table legend: (Time is in decaauts)
 A = Elapsed time spent in this place.
 B = Non-inter-level travel time spent in this place.
 C = Inter-level travel time spent in this place.
 D = Time resting spent in this place.
 E = Time spent auto-exploring this place.
 F = Levels seen in this place.
 G = Mean time per level.
                   A        B        C        D        E       F      G
               +--------+--------+--------+--------+--------+-----+--------+
         Total |    330 |    311 |     19 |    239 |      1 |   1 |  330.0 |
       Dungeon |    330 |    311 |     19 |    239 |      1 |   1 |  330.0 |
               +--------+--------+--------+--------+--------+-----+--------+

Top non-repeatable levels by time:
     D:1: 330 daAuts
